 Dungeon Crawl Stone Soup version 0.20-a0-855-gd83b866 (webtiles) character file.

1458 JeffiDaFish the Digger (level 8, -4/46 HPs)
             Began as a Gargoyle Earth Elementalist on Mar 12, 2017.
             Was a Follower of Sif Muna.
             Slain by an orc warrior
             ... wielding a +0 dire flail
              (10 damage)
             ... on level 6 of the Dungeon.
             The game lasted 00:28:06 (6996 turns).

JeffiDaFish the Digger (GrEE)                       Turns: 6996, Time: 00:28:07

Health: -4/46      AC: 12    Str: 11    XL:     8   Next: 76%
Magic:  0/14       EV: 12    Int: 17    God:    Sif Muna [*.....]
Gold:   351        SH:  0    Dex: 10    Spells: 5/15 levels left

rFire    . . .     SeeInvis .   r - +0 mace (crush)
rCold    + . .     Gourm    .   s - +0 leather armour
rNeg     + . .     Faith    .   (no shield)
rPois    ∞         Spirit   .   (helmet restricted)
rElec    +         Reflect  .   q - +2 cloak
rCorr    .         Harm     .   a - +0 pair of gloves
MR       .....                  (no boots)
Stlth    +++.......             (no amulet)
Regen    0.2/turn               f - ring of protection from cold
MPRegen  0.2/turn               l - ring of stealth

@: very slightly contaminated
A: horns 1, clumsy 1, negative energy resistance 1, electricity resistance,
unbreathing, petrification resistance, rot immunity, MP-powered wands, AC +5
a: Divine Energy, Renounce Religion


You were on level 6 of the Dungeon.
You worshipped Sif Muna.
Sif Muna was aware of your devotion.
You were not hungry.

You visited 2 branches of the dungeon, and saw 7 of its levels.
You also visited: Ossuary.

You collected 351 gold pieces.

Inventory:

Hand Weapons
 r - a +0 mace of crushing (weapon)
Missiles
 b - 95 stones (quivered)
Armour
 a - a +0 pair of gloves (worn)
 j - a +2 helmet
 q - a +2 cloak (worn)
 s - a +0 leather armour (worn)
Jewellery
 f - a ring of protection from cold (right hand)
 l - a ring of stealth (left hand)
Scrolls
 g - a scroll of blinking
 n - 2 scrolls of teleportation
Potions
 c - a potion of agility
 o - a potion of flight
 p - 4 potions of curing
 t - a potion of might
 w - a potion of brilliance
Books
 e - a book of Geomancy

   Spells                             Type                      Level
   a - Sandblast                      Earth                        1
   b - Passwall                       Transmutation/Earth          2
   c - Stone Arrow                    Conjuration/Earth            3
   d - Petrify                        Transmutation/Earth          4
   e - Lee's Rapid Deconstruction     Earth                        5
 m - a book of Minor Magic

   Spells                             Type                      Level
   a - Magic Dart                     Conjuration                  1
   b - Blink                          Translocation                2
   c - Call Imp                       Summoning                    2
   d - Slow                           Hexes                        2
   e - Conjure Flame                  Conjuration/Fire             3
   f - Mephitic Cloud                 Conjuration/Poison/Air       3
Comestibles
 d - 4 bread rations
 h - 7 fruits
 i - 2 chunks of flesh


   Skills:
 + Level 3.1 Fighting
 + Level 4.2 Maces & Flails
 * Level 3.7 Dodging
 - Level 3.8 Stealth
 - Level 0.2 Unarmed Combat
 * Level 4.2 Spellcasting
 + Level 2.9 Conjurations
 + Level 2.0 Transmutations
 * Level 6.8 Earth Magic


You had 5 spell levels left.
You knew the following spells:

 Your Spells              Type           Power        Failure   Level  Hunger
a - Sandblast             Erth           ####..       1%          1    None
b - Stone Arrow           Conj/Erth      ###...       12%         3    ###....
c - Petrify               Tmut/Erth      ###.....     34%         4    ####...
d - Blink                 Tloc           N/A          30%         2    ##.....


Dungeon Overview and Level Annotations

Branches:
Dungeon (6/15)             Temple (1/1) D:5

Altars:
Cheibriados
Dithmenos
Elyvilon
Fedhas
Makhleb
Nemelex Xobeh
Okawaru
Qazlal
Ru
Sif Muna
Trog
Uskayaw
Vehumet
The Shining One

Shops:
D:6 :


Innate Abilities, Weirdness & Mutations

You are resistant to torment.
Your stone body is resilient. (AC +5)
You are immune to poison.
You resist negative energy. (rN+)
You are resistant to electric shocks. (rElec)
You can survive without breathing.
You are immune to petrification.
You are immune to rotting.
You have a pair of small horns on your head.
You are clumsy. (Dex -2)
You expend magic power (3 MP) to strengthen your wands.


Message History

Casting: Stone Arrow
Confirm with . or Enter, or press ? or * to list all spells.
Aiming: Sandblast
Press: ? - help, Shift-Dir - straight line, f/p - orc warrior
Aim: an orc warrior, wielding a dire flail and wearing a chain mail (almost dead)
The blast of sand misses the orc warrior.
The blast of sand hits the orc.
You kill the orc!
Sif Muna accepts your kill.
b - 96 stones The orc warrior closely misses you.
Casting: Sandblast
Confirm with . or Enter, or press ? or * to list all spells.
Aiming: Sandblast
Press: ? - help, Shift-Dir - straight line, f/p - orc warrior
Aim: an orc warrior, wielding a dire flail and wearing a chain mail (almost dead)
The blast of sand misses the orc warrior.
b - 95 stones The orc warrior hits you with a dire flail!
You die...

####..#.#*.#*
#.#*** #)#
.####.#.##,.**#,*
#.#
......#..#*,,,,,*
#.#
.####..#.#*******
#)# .# #....#
###.## .# ##...##
#....# .# ###..###
#....# .#
##...########....#
.#
###.....@o......#
.# ##########....#
.# #....# .#
#....# ## #....# #
######


You could see an orc warrior.

Vanquished Creatures
  A hippogriff (D:5)
  A sky beast (D:5)
  An ogre (D:5)
  A necrophage (D:5)
  A centaur (D:5)
  A bullfrog (D:6)
  2 howler monkeys
  A crimson imp (D:6)
  2 hounds (D:5)
  6 orc wizards
  Crazy Yiuf (D:5)
  6 worker ants
  5 big kobold zombies (Ossuary)
  2 mummies
  A worker ant zombie (D:5)
  A howler monkey skeleton (D:5)
  8 adders
  An ooze (D:1)
  An adder zombie (D:5)
  An adder skeleton (D:5)
  A dart slug (D:2)
  4 leopard geckos
  20 orcs
  5 spectral bats (Ossuary)
  9 giant cockroaches
  5 gnoll zombies (Ossuary)
  12 goblins
  8 hobgoblins
  3 jackals (D:6)
  8 kobolds
  A ball python (D:5)
  10 bats
  4 bat simulacra (Ossuary)
  8 frilled lizards
  2 goblin simulacra (Ossuary)
  5 goblin zombies (Ossuary)
  4 hobgoblin zombies (Ossuary)
  A jackal skeleton (D:4)
  A kobold simulacrum (Ossuary)
  3 kobold zombies (Ossuary)
  3 orc zombies (Ossuary)
  A quokka skeleton (D:5)
  6 rats
  2 rat simulacra (Ossuary)
  4 spectral goblins (Ossuary)
  2 spectral kobolds (Ossuary)
  2 spectral rats (Ossuary)
178 creatures vanquished.

Vanquished Creatures (others)
  An orc wizard (D:4)
  A big kobold zombie (Ossuary)
  2 goblin zombies (Ossuary)
  A kobold zombie (Ossuary)
5 creatures vanquished.

Grand Total: 183 creatures vanquished

Notes
Turn   | Place    | Note
-------+----------+-------------------------------------------
     0 | D:1      | JeffiDaFish the Gargoyle Earth Elementalist began the quest for the Orb.
     0 | D:1      | Reached XP level 1. HP: 10/10 MP: 3/3
    48 | D:1      | Reached skill level 4 in Earth Magic
    85 | D:1      | Reached XP level 2. HP: 15/15 MP: 1/5
   397 | D:1      | Reached XP level 3. HP: 18/19 MP: 1/6
   477 | D:1      | Learned a level 3 spell: Stone Arrow
  1197 | D:1      | Reached XP level 4. HP: 11/24 MP: 7/7
  1372 | D:2      | Reached skill level 1 in Maces & Flails
  1874 | D:2      | Found a glowing golden altar of the Shining One.
  1959 | D:3      | Reached skill level 1 in Fighting
  2226 | D:3      | Found a hide-covered altar of Uskayaw.
  2229 | D:3      | Noticed a dagger
  2229 | D:3      | Noticed a dagger
  2273 | D:3      | Reached XP level 5. HP: 28/29 MP: 8/8
  2492 | D:3      | Found a snail-covered altar of Cheibriados.
  2492 | D:3      | Found a bloodstained altar of Trog.
  2492 | D:3      | Found a stormy altar of Qazlal.
  2755 | D:4      | Reached skill level 5 in Earth Magic
  2755 | D:4      | Reached XP level 6. HP: 35/35 MP: 2/9
  3075 | D:5      | Entered Level 5 of the Dungeon
  3276 | D:5      | Found a burning altar of Makhleb.
  3463 | D:5      | Found a blossoming altar of Fedhas.
  3527 | D:5      | Noticed a hippogriff
  3683 | D:5      | Noticed a sky beast
  3707 | D:5      | Killed a sky beast
  3707 | D:5      | Reached XP level 7. HP: 24/40 MP: 0/11
  3802 | D:5      | Learned a level 4 spell: Petrify
  3918 | D:5      | Reached skill level 1 in Conjurations
  4123 | D:5      | Reached skill level 1 in Transmutations
  4195 | D:5      | Killed a hippogriff
  4438 | D:5      | Found a staircase to the Ecumenical Temple.
  4453 | D:5      | Reached skill level 6 in Earth Magic
  4453 | D:5      | Reached XP level 8. HP: 35/45 MP: 1/13
  4460 | Temple   | Entered the Ecumenical Temple
  4496 | Temple   | Became a worshipper of Sif Muna the Loreminder
  4614 | D:5      | Gained mutation: You expend magic power (3 MP) to strengthen your wands. [potion of mutation]
  4614 | D:5      | Gained mutation: You are clumsy. (Dex -2) [potion of mutation]
  4614 | D:5      | Gained mutation: You have a pair of small horns on your head. [potion of mutation]
  4636 | D:5      | Found a runed door.
  4640 | D:5      | Noticed Crazy Yiuf
  4654 | D:5      | Killed Crazy Yiuf
  5116 | D:6      | Found Tuafus's Book Emporium.
  5560 | D:6      | Found a sand-covered staircase.
  5570 | Ossuary  | Entered an ossuary
  5805 | Ossuary  | Reached * piety under Sif Muna
  6772 | D:6      | Learned a level 2 spell: Blink
  6996 | D:6      | Slain by an orc warrior

Vault maps used:
D:1:      shiori_arrival_maze, st_stairs_7, minmay_misc_feat_x
D:2:      nicolae_tso_swordbearing_angel, first_bread
D:3:      dancing_weapons_uskayaw, gammafunk_temple_overflow_forgotten
D:5:      makhleb_blood_cavern_becter, fedhas_altar_fruit_tree,
          minmay_temple_entry_glassed_door, nrook_mini_backslash,
          uniq_crazy_yiuf_cottage
D:6:      serial_shops, nicolae_shop_stone, gup_ossuary_entry_pyramid
Temple:   compressed_dpeg_triangle_lava_temple
Ossuary:  ossuary_zaba_two_paths

Skill      XL: |  1  2  3  4  5  6  7  8 |
---------------+-------------------------+-----
Earth Magic    | 4 5 6 |  6.8
Maces & Flails | 1 2 3 4 |  4.2
Fighting       | 1 2 3 |  3.1
Dodging        | 2 3 |  3.7
Stealth        | 3 |  3.8
Conjurations   | 2 |  2.9
Spellcasting   | 3 4 |  4.2
Transmutations | 1 2 |  2.0
Unarmed Combat | |  0.2

Action                   |  1- 3 |  4- 6 |  7- 9 || total
-------------------------+-------+-------+-------++-------
Melee: Unarmed           |    21 |       |       ||    21
       Whip              |    89 |   259 |    96 ||   444
       Mace              |       |       |   247 ||   247
       Headbutt          |       |       |    32 ||    32
 Cast: Sandblast         |    26 |    12 |    21 ||    59
       Stone Arrow       |     3 |    21 |    36 ||    60
  Use: Scroll            |     4 |     6 |     8 ||    18
       Potion            |     3 |     5 |     5 ||    13
 Stab: Sleeping          |       |     5 |     3 ||     8
       Invisible         |       |     1 |       ||     1
       Distracted        |       |       |     2 ||     2
  Eat: Chunk             |     2 |    10 |    10 ||    22
       Royal jelly       |       |       |     3 ||     3
       Fruit             |       |       |     1 ||     1
Armor: Robe              |    69 |   141 |    44 ||   254
       Leather armour    |       |       |   130 ||   130
Dodge: Dodged            |   113 |   163 |   201 ||   477
